 Dungeon Crawl Stone Soup version 0.22-a0-414-gacd343e (webtiles) character file.

5996 w00t the Cleaver (level 11, -1/91 HPs)
             Began as a Formicid Fighter on May 13, 2018.
             Was a Priest of Okawaru.
             Slain by a wyvern (6 damage)
             ... on level 9 of the Dungeon.
             The game lasted 00:27:27 (11356 turns).

w00t the Cleaver (Formicid Fighter)                Turns: 11356, Time: 00:27:27

Health: -1/91      AC:  9    Str: 22    XL:     11   Next: 10%
Magic:  11/11      EV: 10    Int:  8    God:    Okawaru [***...]
Gold:   551        SH:  9    Dex: 10    Spells: 10/10 levels left

rFire    . . .     SeeInvis +   a - +0 battleaxe
rCold    . . .     Gourm    .   c - +0 shield
rNeg     . . .     Faith    .   s - +0 chain mail
rPois    .         Spirit   .   (helmet unavailable)
rElec    .         Reflect  +   (no cloak)
rCorr    .         Harm     .   k - +0 pair of gloves
MR       ++...                  (no boots)
Stlth    ..........             E - +2 amulet of reflection
HPRegen  0.00/turn              t - +6 ring of evasion
MPRegen  0.12/turn              q - ring of protection from magic {MR+, !d}

@: very heavily drained
A: permanent stasis, dig shafts and tunnels, four strong arms, antennae 3,
inhibited regeneration, weak 1, wild magic 1, MP-powered wands
a: Dig, Shaft Self, Heroism, Renounce Religion


You were on level 9 of the Dungeon.
You worshipped Okawaru.
Okawaru was most pleased with you.
You were not hungry.

You visited 2 branches of the dungeon, and saw 10 of its levels.
You also visited: Sewer and Ossuary.

You collected 551 gold pieces.

Inventory:

Hand Weapons
 a - a +0 battleaxe (weapon)
 b - a +2 dire flail of protection
 d - a cursed -3 double sword
 D - a +0 mace
 G - the +2 war axe of Plunder {venom, +Rage rPois Str+4}
   (You found it on level 6 of the Dungeon)

   It poisons the flesh of those it strikes.
   It affects your strength (+4).
   It protects you from poison.
   It lets you go berserk.
 K - a +0 morningstar
 M - a +1 war axe
 Q - a +1 dire flail of holy wrath
 T - the +0 war axe "Pafit" {holy, MR- Int+5}
   (You found it on level 8 of the Dungeon)

   It has been blessed by the Shining One to cause great damage to the undead
   and demons.
   It affects your intelligence (+5).
   It affects your resistance to hostile enchantments.
Missiles
 j - 312 stones
 l - 83 sling bullets
 N - 6 tomahawks (quivered)
Armour
 c - a +0 shield (worn)
 k - a +0 pair of gloves (worn)
 s - a +0 chain mail (worn)
 S - a +1 pair of boots
Jewellery
 q - a ring of protection from magic (right hand) {MR+, !d}
 t - a +6 ring of evasion (left hand)
 E - a +2 amulet of reflection (around neck)
 J - an uncursed amulet of rage {unknown}
 R - an uncursed ring of stealth {Stlth+}
Wands
 v - a wand of random effects (25)
 B - a wand of paralysis (13)
 P - a wand of flame (19)
 U - a wand of disintegration (9)
Scrolls
 e - 9 scrolls of identify {@r1}
 m - 3 scrolls of amnesia
 o - 2 scrolls of enchant weapon
 w - 4 scrolls of remove curse {@r2}
 x - a scroll of fear {unknown}
 y - 2 scrolls of noise {unknown}
 z - 3 scrolls of torment {unknown}
 C - a scroll of fog
 H - a scroll of silence {unknown}
 I - a scroll of magic mapping {!r}
 O - 2 scrolls of enchant armour {unknown}
Potions
 f - 7 potions of flight
 g - 4 potions of berserk rage {!q}
 i - 6 potions of degeneration {unknown}
 n - 2 potions of curing {@q1}
 p - 2 potions of cancellation
 A - 5 potions of mutation {!q}
 F - a potion of lignification {unknown}
 L - 2 potions of magic {unknown}
Comestibles
 r - 14 rations


   Skills:
 + Level 10.2(4.5) Fighting
 * Level 11.9(6.2) Axes
 - Level 4.2(3.4) Maces & Flails
 - Level 3.0(0.0) Throwing
 - Level 3.2(0.0) Armour
 - Level 1.2(0.0) Dodging
 - Level 3.6(0.0) Shields


You had 10 spell levels left.
You didn't know any spells.
Your spell library was empty.

Dungeon Overview and Level Annotations

Branches:
Dungeon (9/15)             Temple (1/1) D:7
   Lair: D:8-11         Orc: D:9-12

Altars:
Ashenzari
Dithmenos
Elyvilon
Fedhas
Gozag
Hepliaklqana
Kikubaaqudgha
Makhleb
Nemelex Xobeh
Okawaru
Qazlal
Ru
Sif Muna
Trog
Uskayaw
Wu Jian
Xom
Yredelemnul
Zin
The Shining One

Shops:
D:5 *


Innate Abilities, Weirdness & Mutations

You cannot be hasted, slowed, berserked, paralysed or teleported.
You can dig through walls and to a lower floor.
Your four strong arms can wield two-handed weapons with a shield.
You have a pair of large antennae on your head. (SInv)
You do not regenerate when monsters are visible.
You are weak. (Str -2)
Your spells are a little harder to cast, but a little more powerful.
You expend magic power (3 MP) to strengthen your wands.


Message History

The wyvern bites you!
* * * LOW HITPOINT WARNING * * *
You block the wyvern's attack.
The electric eel shoots out a bolt of lightning at you!
The bolt of electricity hits you!
* * * LOW HITPOINT WARNING * * *
You closely miss the electric eel.
The electric eel is heavily wounded.
Your chain mail prevents you from hitting the wyvern.
The wyvern bites you!
* * * LOW HITPOINT WARNING * * *
You block the wyvern's attack.
You closely miss the electric eel.
The electric eel is heavily wounded.
You hit the wyvern but do no damage. The wyvern bites you!
* * * LOW HITPOINT WARNING * * *
You block the wyvern's attack.
Are you sure you want to shaft yourself?
You feel quite a bit more hungry. The wyvern bites you.
You die...

... .... .. ..... .. ...... .##
...... ..# ...<..
...#######'####### ......
#..#≈≈≈≈≈≈l;((≈≈≈# ...... ..#
#..#≈.....@.....≈# ...... ..##
##..#≈...........≈# ......
...###...#≈...#####...≈# ......
.........#≈.....#.....≈# ......
.........#≈.....#.....≈# ###...
.........'..#########..+.. ##..
.........#≈.....#)....≈#.. #..
.........#≈.....#.....≈#..## ##..
.........#≈...#####...≈#...###...


You could see a wyvern and an electric eel.

Vanquished Creatures
  A two-headed ogre (D:5)
  The ghost of w00t the Prestidigitator, a novice GnAr of Cheibriados (D:9)
  Joseph (D:7)
  A hippogriff (D:7)
  The ghost of RepHenryClay the Destroyer, an amateur TeCj of Vehumet (D:4)
  Eustachio (D:5)
  Edmund (D:6)
  4 ice beasts
  3 sky beasts
  2 black bears (D:8)
  2 orc warriors (D:7)
  2 phantoms
  3 ogres
  2 eyes of draining
  A necrophage (D:8)
  2 centaurs
  A crocodile (D:5)
  The ghost of regis the Firebug, an amateur DsFE (D:3)
  Blork the orc (D:6)
  2 bullfrogs (D:6)
  2 scorpions
  4 howler monkeys
  2 bullfrog zombies
  2 crimson imps
  2 centaur zombies (Ossuary)
  3 hounds (D:4)
  A centaur skeleton (D:4)
  3 orc priests
  6 orc wizards
  Jessica (D:2)
  4 iguanas
  Terence (D:2)
  A merfolk avatar (Sewer)
  A merfolk siren (Sewer)
  3 worker ants
  2 big kobold zombies (Ossuary)
  3 mummies (Ossuary)
  A hound zombie (D:5)
  A hound skeleton (D:7)
  Robin (D:2)
  A river rat (D:2)
  19 adders
  A shadow imp (D:5)
  An ooze (D:5)
  4 worms
  3 dart slugs
  6 leopard geckos
  25 orcs
  7 ball pythons
  9 giant cockroaches
  24 goblins
  5 hobgoblins
  3 jackals (D:7)
  5 kobolds
  4 quokkas
  6 bats
  3 frilled lizards
  A gnoll zombie (Ossuary)
  A goblin zombie (Ossuary)
  A hobgoblin zombie (Ossuary)
  An orc zombie (Ossuary)
  32 rats
239 creatures vanquished.

Vanquished Creatures (others)
  A centaur (D:6)
  A hound (D:4)
  An orc wizard (D:6)
  A hound skeleton (D:4)
4 creatures vanquished.

Grand Total: 243 creatures vanquished

Notes
Turn   | Place    | Note
-------+----------+-------------------------------------------
     0 | D:1      | w00t the Formicid Fighter began the quest for the Orb.
     0 | D:1      | Reached XP level 1. HP: 18/18 MP: 1/1
    63 | D:1      | Reached XP level 2. HP: 17/24 MP: 2/2
   995 | D:2      | Noticed Robin
  1000 | D:2      | Reached XP level 3. HP: 30/30 MP: 3/3
  1006 | D:2      | Reached skill level 3 in Axes
  1021 | D:2      | Killed Robin
  1251 | D:2      | Found an ancient bone altar of Kikubaaqudgha.
  1263 | D:2      | Reached XP level 4. HP: 23/37 MP: 4/4
  1559 | D:2      | Noticed Terence
  1565 | D:2      | Killed Terence
  1609 | D:2      | Found a faded altar of an unknown god.
  1628 | D:2      | Reached skill level 4 in Axes
  1722 | D:2      | Noticed Jessica
  1732 | D:2      | Killed Jessica
  1732 | D:2      | Reached XP level 5. HP: 43/43 MP: 5/5
  1750 | D:2      | Reached skill level 1 in Maces & Flails
  2058 | D:2      | Found a deep blue altar of Sif Muna.
  2429 | D:3      | Found a stormy altar of Qazlal.
  2494 | D:3      | Found a glowing drain.
  2812 | Sewer    | Entered a sewer
  2944 | Sewer    | Reached XP level 6. HP: 49/49 MP: 6/6
  3170 | Sewer    | Reached skill level 1 in Dodging
  3486 | D:3      | Noticed regis's ghost (amateur DsFE)
  3519 | D:3      | Killed regis's ghost
  3777 | D:3      | Reached XP level 7. HP: 52/55 MP: 7/7
  4520 | D:4      | Reached skill level 5 in Fighting
  4609 | D:4      | Noticed RepHenryClay's ghost (amateur TeCj)
  5063 | D:4      | You fall through a shaft!
  5063 | D:5      | Entered Level 5 of the Dungeon
  5063 | D:5      | Noticed a two-headed ogre
  5080 | D:5      | You fall through a shaft for 2 floors!
  5313 | D:7      | Reached skill level 5 in Axes
  5449 | D:7      | Noticed Joseph
  5478 | D:7      | Reached XP level 8. HP: 14/64 MP: 8/8
  5483 | D:7      | HP: 2/64 [Joseph/quarterstaff (15)]
  5490 | D:7      | Gained mutation: You do not regenerate when monsters are visible. [potion of mutation]
  5490 | D:7      | Gained mutation: You are weak. (Str -2) [potion of mutation]
  5490 | D:7      | Gained mutation: You expend magic power (3 MP) to strengthen your wands. [potion of mutation]
  5490 | D:7      | Gained mutation: Your spells are a little harder to cast, but a little more powerful. [potion of mutation]
  5501 | D:7      | Killed Joseph
  5501 | D:7      | Reached skill level 6 in Axes
  5804 | D:7      | Reached skill level 7 in Axes
  5937 | D:7      | Found an opulent altar of Gozag.
  5950 | D:7      | Reached skill level 1 in Throwing
  6177 | D:7      | Found a staircase to the Ecumenical Temple.
  6181 | Temple   | Entered the Ecumenical Temple
  6386 | Temple   | Became a worshipper of Warmaster Okawaru
  6480 | D:7      | Reached XP level 9. HP: 61/71 MP: 9/9
  6624 | D:7      | Noticed a hippogriff
  6628 | D:7      | Killed a hippogriff
  6637 | D:7      | Reached skill level 8 in Axes
  6871 | D:8      | Found a burning altar of Makhleb.
  6899 | D:8      | Found a sand-covered staircase.
  6908 | Ossuary  | Entered an ossuary
  7226 | D:8      | Found a blossoming altar of Fedhas.
  7321 | D:5      | Reached * piety under Okawaru
  7584 | D:5      | Reached skill level 9 in Axes
  7726 | D:5      | Found Miakung's General Store.
  7777 | D:5      | Killed a two-headed ogre
  7777 | D:5      | Reached ** piety under Okawaru
  7777 | D:5      | Reached skill level 10 in Axes
  7777 | D:5      | Reached XP level 10. HP: 59/82 MP: 7/10
  7785 | D:5      | Noticed Eustachio
  7795 | D:5      | Killed Eustachio
  7795 | D:5      | Reached *** piety under Okawaru
  8513 | D:4      | Killed RepHenryClay's ghost
  8880 | D:6      | Found an opulent altar of Gozag.
  9017 | D:6      | Noticed Blork the orc
  9143 | D:6      | Killed Blork the orc
  9195 | D:6      | Found a shadowy altar of Dithmenos.
  9399 | D:6      | Reached skill level 11 in Axes
  9492 | D:6      | Got a crude war axe
  9493 | D:6      | Identified the +2 war axe of Plunder {venom, +Rage rPois Str+4} (You found it on level 6 of the Dungeon)
  9518 | D:6      | Noticed Edmund
  9528 | D:6      | Killed Edmund
  9675 | D:6      | You fall through a shaft!
  9744 | D:8      | Got a brightly glowing war axe
  9745 | D:8      | Identified the +0 war axe "Pafit" {holy, MR- Int+5} (You found it on level 8 of the Dungeon)
  9987 | D:8      | Found a white marble altar of Elyvilon.
 10029 | D:8      | Reached **** piety under Okawaru
 10430 | D:9      | Noticed w00t's ghost (novice GnAr)
 10489 | D:9      | Killed w00t's ghost
 10489 | D:9      | Reached skill level 10 in Fighting
 10489 | D:9      | Reached XP level 11. HP: 33/90 MP: 4/11
 11051 | D:9      | Found a bloodstained altar of Trog.
 11302 | D:9      | Found a glowing golden altar of the Shining One.
 11356 | D:9      | Slain by a wyvern

Vault maps used:
D:1:      dpeg_arrival_central, minmay_hexomino_u4
D:2:      nicolae_overflow_crystal_walls, led_sif_pool,
          chequers_ecumenical_altar_simple_redux, minmay_item_behind_shaft,
          uniq_robin, uniq_jessica, uniq_terence
D:3:      portal_sewer_entry_a, first_ration, nicolae_qazlal_eye_of_the_storm
D:4:      minmay_door_path, hex_medium, corexii_shack
D:5:      kennysheep_big_flooded_room, serial_shops, nicolae_shop_trees,
          uniq_eustachio
D:6:      old_standard_altar, serial_park_tiny_pond, grunt_ministairs_4,
          minmay_misc_feat_doors, nicolae_dithmenos_shadow_blocks, uniq_edmund,
          uniq_blork_the_orc
D:7:      temple_hall_moat, basic_altar, uniq_joseph
D:8:      lemuel_round_altar, elyvilon_altar_3, basic_altar,
          nicolae_ossuary_entry_monument
D:9:      trog_eyes_of_draining, nicolae_overflow_hidden_temple,
          nicolae_tso_swordbearing_angel,
          kennysheep_orc_monster_closet_entryway, grunt_ogre_cave,
          kennysheep_generic_room_16
Temple:   hc_temple_tempest_star
Sewer:    sewer_sea
Ossuary:  ossuary_crypta

Skill      XL: |  1  2  3  4  5  6  7  8  9 10 |
---------------+-------------------------------+-----
Axes           | 3 4 5 7 10 11 | 11.9
Fighting       | 4 5 6 8 10 | 10.2
Maces & Flails | 2 3 4 |  4.2
Dodging        | 1 |  1.2
Throwing       | 1 3 |  3.0
Armour         | |  3.2
Shields        | |  3.6

Action                   |  1- 3 |  4- 6 |  7- 9 | 10-12 || total
-------------------------+-------+-------+-------+-------++-------
Melee: War axe           |    90 |    36 |   293 |   138 ||   557
       Whip              |       |   348 |   115 |       ||   463
       Morningstar       |       |       |     3 |       ||     3
       Dire flail        |       |       |       |    47 ||    47
       Battleaxe         |       |       |       |    39 ||    39
Throw: Stone             |     1 |    19 |     9 |       ||    29
       Javelin           |       |       |    19 |    22 ||    41
       Tomahawk          |       |       |       |     4 ||     4
Invok: Heroism           |       |       |     1 |     2 ||     3
 Abil: Dig               |     1 |       |     6 |       ||     7
       Shaft Self        |       |       |     2 |     1 ||     3
Evoke: Wand              |       |       |       |     3 ||     3
  Use: Scroll            |       |     5 |     2 |     2 ||     9
       Potion            |       |     3 |     8 |     5 ||    16
  Eat: Chunk             |     1 |     9 |    16 |    11 ||    37
Armor: Scale mail        |    60 |    31 |       |       ||    91
       Chain mail        |       |   112 |   104 |    60 ||   276
Dodge: Dodged            |    32 |    81 |   159 |    72 ||   344
Block: Shield            |    43 |   149 |   177 |   119 ||   488
       Reflection        |       |       |       |    11 ||    11

Table legend:
 A = Spawn XP
 B = Non-spawn XP
 C = Spawn XP percentage of total XP
 D = Spawn monster count
 E = Non-spawn monster count
 F = Spawn count percentage of total count
 G = Total turns spent on level
                    A         B        C        D         E        F      G
               +---------+---------+-------+---------+---------+-------+---------
         Total |       0 |    8566 |   0.0 |       0 |     243 |   0.0 | 11356
               +---------+---------+-------+---------+---------+-------+---------
           D:1 |       0 |      28 |   0.0 |       0 |      17 |   0.0 |   994
           D:2 |       0 |     170 |   0.0 |       0 |      29 |   0.0 |  1796
           D:3 |       0 |     218 |   0.0 |       0 |      29 |   0.0 |   997
           D:4 |       0 |     502 |   0.0 |       0 |      17 |   0.0 |  1034
           D:5 |       0 |    2396 |   0.0 |       0 |      36 |   0.0 |  1286
           D:6 |       0 |     983 |   0.0 |       0 |      18 |   0.0 |   811
           D:7 |       0 |    1680 |   0.0 |       0 |      25 |   0.0 |  1504
           D:8 |       0 |     751 |   0.0 |       0 |      10 |   0.0 |  1057
           D:9 |       0 |    1483 |   0.0 |       0 |      12 |   0.0 |   791
         Sewer |       0 |     150 |   0.0 |       0 |      39 |   0.0 |   572
       Ossuary |       0 |     205 |   0.0 |       0 |      11 |   0.0 |   296
               +---------+---------+-------+---------+---------+-------+---------
